 Dungeon Crawl Stone Soup version 0.21-a0-221-gfe971b9 (webtiles) character file.

169 motkurip the Ogre Mage (level 5, -6/54 HPs)
             Began as an Ogre Wizard on Aug 26, 2017.
             Mangled by Grinder (8 damage)
             ... on level 3 of the Dungeon.
             The game lasted 00:12:05 (4173 turns).

motkurip the Ogre Mage (Ogre Wizard)                Turns: 4173, Time: 00:12:06

Health: -6/54      AC:  3    Str: 12    XL:     5   Next: 50%
Magic:  0/11       EV: 10    Int: 19    God:
Gold:   119        SH:  0    Dex:  7    Spells: 6/12 levels left

rFire    . . .     SeeInvis .   p - +0 quarterstaff
rCold    . . .     Gourm    .   (shield currently unavailable)
rNeg     . . .     Faith    .   a - +0 robe
rPois    .         Spirit   .   b - +0 hat
rElec    .         Reflect  .   (no cloak)
rCorr    .         Harm     .   (gloves unavailable)
MR       .....                  (boots unavailable)
Stlth    +.........             (no amulet)
HPRegen  0.18/turn              (no ring)
MPRegen  0.12/turn              (no ring)

@: no status effects
A: unfitting armour, tough skin 1
a: no special abilities


You were on level 3 of the Dungeon.
You were not hungry.

You visited 1 branch of the dungeon, and saw 3 of its levels.

You collected 119 gold pieces.

Inventory:

Hand Weapons
 e - a +0 spear
 k - a +0 dagger
 p - a +0 quarterstaff (weapon)
Armour
 a - a +0 robe (worn)
 b - a +0 hat (worn)
Scrolls
 g - a scroll of remove curse {unknown}
 h - 3 scrolls of identify {unknown}
 i - 4 scrolls of teleportation {unknown}
 n - a scroll of immolation {unknown}
Potions
 f - 4 potions of lignification {unknown}
 j - 2 potions of might {unknown}
 l - 2 potions of agility {unknown}
 q - a potion of invisibility {unknown}
Books
 c - a book of Minor Magic

   Spells                             Type                      Level
   a - Magic Dart                     Conjuration                  1
   b - Blink                          Translocation                2
   c - Call Imp                       Summoning                    2
   d - Slow                           Hexes                        2
   e - Conjure Flame                  Conjuration/Fire             3
   f - Mephitic Cloud                 Conjuration/Poison/Air       3
Comestibles
 d - 4 bread rations
 m - a meat ration


   Skills:
 + Level 4.1 Fighting
 - Level 1.7 Dodging
 - Level 1.4 Stealth
 - Level 4.4 Spellcasting
 - Level 2.1 Conjurations
 - Level 0.8 Summonings
   Level 0.8 Translocations
 + Level 1.5 Fire Magic


You had 6 spell levels left.
You knew the following spells:

 Your Spells              Type           Power        Failure   Level  Hunger
a - Call Imp              Summ           #.......     14%         2    #......
b - Conjure Flame         Conj/Fire      ##......     19%         3    ###....
f - Magic Dart            Conj           ##..         5%          1    None


Dungeon Overview and Level Annotations

Branches:
Dungeon (3/15)

Altars:
Cheibriados
Yredelemnul

Annotations:
D:2 Sigmund
D:3 Grinder, Natasha


Innate Abilities, Weirdness & Mutations

You are too large for most types of armour.
You have tough skin. (AC +1)


Message History

Your crimson imp hits the hobgoblin but does no damage.
You can move again.
Unknown command.
You closely miss Grinder.
Grinder is severely wounded.
Grinder barely misses you.
Your crimson imp hits the hobgoblin.
The hobgoblin hits your crimson imp with a club.
You closely miss Grinder.
Grinder is severely wounded.
Grinder hits you!
* * * LOW HITPOINT WARNING * * *
You writhe in agony.
* * * LOW HITPOINT WARNING * * *
Your crimson imp hits the hobgoblin.
The hobgoblin dies!
Casting: Call Imp
Confirm with . or Enter, or press ? or * to list all spells.
A beastly little devil appears in a puff of flame.
Grinder hits you!
You die...

###..##### #.......... #.#
##'##### ##....##### #<# #
#.#...# ##...### #.# ##
#.#.#.# ##....# #.#
.###.#.#.###..#r###########.##
...#.#.#.##..##.# #..........#
..##...#.##.###O###..........#
..######.##.###5#<...5......>#
...#.†.#.#.....5@...#######.##
..##.#.#.#....5.##### #.#
..##.#.#.#.......#### #.#
..##.#.#.####.#.....# #.#
...#.#...# #.#.###.#######.#
#.##.##### #.#)# #.......).##
...#.#...# #.#.# ########...#
...#.#.#.# #.#.### #...#
####.#÷#.# #.....### ##..#


You could see Grinder, an ogre, a rat and 3 friendly crimson imps.

Vanquished Creatures
  An orc priest (D:3)
  Jessica (D:3)
  Natasha (D:3)
  4 gnolls
  A dart slug (D:3)
  3 leopard geckos
  3 orcs
  3 bats
  2 goblins (D:3)
  7 hobgoblins
  A jackal (D:3)
  8 kobolds
  A frilled lizard (D:2)
  5 rats
41 creatures vanquished.

Vanquished Creatures (collateral kills)
  Natasha (D:3)
  An adder (D:3)
  A worm (D:2)
  A leopard gecko (D:3)
  2 orcs (D:3)
  A giant cockroach (D:3)
  A hobgoblin (D:3)
  A kobold (D:3)
9 creatures vanquished.

Vanquished Creatures (others)
  4 toadstools (D:1)
4 creatures vanquished.

Grand Total: 54 creatures vanquished

Notes
Turn   | Place    | Note
-------+----------+-------------------------------------------
     0 | D:1      | motkurip the Ogre Wizard began the quest for the Orb.
     0 | D:1      | Reached XP level 1. HP: 16/16 MP: 5/5
     9 | D:1      | Reached skill level 1 in Conjurations
   326 | D:1      | Found a snail-covered altar of Cheibriados.
   330 | D:1      | Reached XP level 2. HP: 23/24 MP: 3/6
   603 | D:2      | Found a basalt altar of Yredelemnul.
  1008 | D:2      | Noticed Sigmund
  1072 | D:2      | Learned a level 2 spell: Call Imp
  1618 | D:2      | Reached skill level 1 in Fighting
  1718 | D:3      | Noticed Grinder
  1740 | D:3      | Noticed Natasha
  1802 | D:2      | Reached XP level 3. HP: 17/33 MP: 2/8
  1948 | D:3      | Killed Natasha
  1949 | D:3      | Noticed a phantom
  2095 | D:3      | Noticed Jessica
  2104 | D:3      | Killed Jessica
  2104 | D:3      | Reached XP level 4. HP: 16/44 MP: 1/10
  2625 | D:2      | Learned a level 3 spell: Conjure Flame
  2822 | D:3      | Reached XP level 5. HP: 14/53 MP: 3/11
  3088 | D:3      | Reached skill level 1 in Fire Magic
  3433 | D:3      | Noticed an ogre
  3932 | D:3      | Noticed Natasha
  3939 | D:3      | Killed Natasha
  4165 | D:3      | Paralysed by Grinder for 6 turns
  4167 | D:3      | Noticed Natasha
  4172 | D:3      | HP: 2/54 [Grinder (6)]
  4173 | D:3      | Mangled by Grinder

Vault maps used:
D:1:      ldierk_water_garden, cheibriados_altar_1
D:2:      serial_glass, glass_columns_a, glass_columns_a, minmay_statues_item,
          yredelemnul_altar_generic, uniq_sigmund
D:3:      first_bread, roderic_serpentine_path, uniq_crazy_yiuf_cottage,
          uniq_jessica, uniq_grinder, uniq_natasha

Skill      XL: |  1  2  3  4  5 |
---------------+----------------+-----
Conjurations   | 1 2 |  2.1
Fighting       | 1 2 3 4 |  4.1
Spellcasting   | 4 |  4.4
Fire Magic     | 1 |  1.5
Dodging        | |  1.7
Stealth        | |  1.4
Summonings     | |  0.8
Translocations | |  0.8

Action                   |  1- 3 |  4- 6 || total
-------------------------+-------+-------++-------
Melee: Spear             |    65 |    27 ||    92
       Dagger            |    28 |    94 ||   122
       Quarterstaff      |       |    25 ||    25
 Cast: Magic Dart        |    14 |    23 ||    37
       Call Imp          |     6 |    23 ||    29
       Conjure Flame     |       |     5 ||     5
 Stab: Sleeping          |     2 |       ||     2
  Eat: Royal jelly       |     1 |       ||     1
       Chunk             |     2 |     3 ||     5
       Bread ration      |       |     1 ||     1
Armor: Robe              |     5 |    34 ||    39
Dodge: Dodged            |    42 |    65 ||   107

Table legend:
 A = Spawn XP
 B = Non-spawn XP
 C = Spawn XP percentage of total XP
 D = Spawn monster count
 E = Non-spawn monster count
 F = Spawn count percentage of total count
 G = Total turns spent on level
                    A         B        C        D         E        F      G
               +---------+---------+-------+---------+---------+-------+---------
         Total |      19 |     223 |   7.9 |      11 |      39 |  22.0 |  4173
               +---------+---------+-------+---------+---------+-------+---------
           D:1 |       0 |      17 |   0.0 |       0 |      11 |   0.0 |   951
           D:2 |      10 |      24 |  29.4 |       6 |       8 |  42.9 |  2001
           D:3 |       9 |     182 |   4.7 |       5 |      20 |  20.0 |  1221
               +---------+---------+-------+---------+---------+-------+---------
